SAAA
TORTOLITA DRUMMERS @ VERMONT LAKE MONSTERS
09/15/2026
 
TOP OF THE 1ST
Tortolita Drummers batting - Pitching for Vermont Lake Monsters : LHP Jim Unknown
Pitching: LHP Jim Unknown
Batting: RHB Jesús Martínez 0-0: Bunted foul
0-1: Ball
1-1: Ball
2-1: Foul Ball, location: 2F
2-2: Foul Ball, location: 2F
2-2: Ball
3-2: Ground out 4-3 (Groundball, 4)
Batting: RHB Ricardo Pacheco 0-0: Ball
1-0: SINGLE (Groundball, 34D)
Batting: LHB Jesús Morales 0-0: Called Strike
Ricardo Pacheco is caught stealing 2nd base
0-1: Foul Ball, location: 2F
0-2: SINGLE (Groundball, 4D)
Batting: SHB Will Brock 0-0: Ground out U3 (Groundball, 34)
Top of the 1st over - 0 run(s), 2 hit(s), 0 error(s), 1 left on base; Tortolita 0 - Vermont 0
BOTTOM OF THE 1ST
Vermont Lake Monsters batting - Pitching for Tortolita Drummers : RHP Anastasio Enríquez
Pitching: RHP Anastasio Enríquez
Batting: RHB Rodrigo Velasco 0-0: Ball
1-0: Ball
2-0: Ball
3-0: Base on Balls
Batting: RHB Xing-li Wang 0-0: Ball
1-0: Called Strike
1-1: Ball
2-1: Grounds into double play, 6-4-3 (Groundball, 6)
Batting: RHB Showander Descarte 0-0: Called Strike
0-1: Ground out 6-3 (Groundball, 6)
Bottom of the 1st over - 0 run(s), 0 hit(s), 0 error(s), 0 left on base; Tortolita 0 - Vermont 0
TOP OF THE 2ND
Tortolita Drummers batting - Pitching for Vermont Lake Monsters : LHP Jim Unknown
Batting: RHB John Moore 0-0: Ball
1-0: Ground out 1-3 (Groundball, 15)
Batting: RHB Blair Sweeny 0-0: Fly out, F8 (Flyball, 89M)
Batting: RHB Stephen Blair 0-0: Called Strike
0-1: Ground out U3 (Groundball, 34)
Top of the 2nd over - 0 run(s), 0 hit(s), 0 error(s), 0 left on base; Tortolita 0 - Vermont 0
BOTTOM OF THE 2ND
Vermont Lake Monsters batting - Pitching for Tortolita Drummers : RHP Anastasio Enríquez
Batting: RHB Ray John 0-0: Called Strike
0-1: Foul Ball, location: 2F
0-2: Fly out, F9 (Flyball, 9S)
Batting: LHB Ramón Gómez 0-0: Ball
1-0: Ball
2-0: Fly out, F8 (Line Drive, 8LM)
Batting: LHB Brad Tillman 0-0: Ground out 6-3 (Groundball, 6)
Bottom of the 2nd over - 0 run(s), 0 hit(s), 0 error(s), 0 left on base; Tortolita 0 - Vermont 0
TOP OF THE 3RD
Tortolita Drummers batting - Pitching for Vermont Lake Monsters : LHP Jim Unknown
Batting: LHB Rick Mayfield 0-0: DOUBLE (Flyball, 8RXD)
Batting: RHB Eddie O'Bryan 0-0: Called Strike
0-1: Ball
1-1: Fly out, F7 (Flyball, 78S)
Batting: RHB Jesús Martínez 0-0: Ball
1-0: Ball
2-0: Foul Ball, location: 2F
2-1: Fly out, F6 (Popup, 56D)
Batting: RHB Ricardo Pacheco 0-0: Foul Ball, location: 2F
0-1: Reached on error, E6 (Groundball, 6)
Rick Mayfield to third
Batting: LHB Jesús Morales 0-0: Foul Ball, location: 2F
0-1: Swinging Strike
0-2: 3-RUN HOME RUN (Flyball, 8RXD), Distance : 440 ft
Batting: SHB Will Brock 0-0: Called Strike
0-1: Ball
1-1: Ball
2-1: Ball
3-1: Called Strike
3-2: Strikes out swinging
Top of the 3rd over - 3 run(s), 2 hit(s), 1 error(s), 0 left on base; Tortolita 3 - Vermont 0
BOTTOM OF THE 3RD
Vermont Lake Monsters batting - Pitching for Tortolita Drummers : RHP Anastasio Enríquez
Batting: LHB Arturo Gonzáles 0-0: Ball
1-0: Ball
2-0: Called Strike
2-1: Fly out, F8 (Flyball, 8LM)
Batting: RHB Zelmar Barajas 0-0: Ball
1-0: Ball
2-0: Ground out U3 (Groundball, 34)
Batting: LHB Manny Valentín 0-0: Ball
1-0: Called Strike
1-1: Called Strike
1-2: Ball
2-2: Strikes out looking
Bottom of the 3rd over - 0 run(s), 0 hit(s), 0 error(s), 0 left on base; Tortolita 3 - Vermont 0
TOP OF THE 4TH
Tortolita Drummers batting - Pitching for Vermont Lake Monsters : LHP Jim Unknown
Batting: RHB John Moore 0-0: Ball
1-0: Swinging Strike
1-1: Ball
2-1: Foul Ball, location: 2F
2-2: Foul Ball, location: 2F
2-2: Ball
3-2: Fly out, F5 (Popup, 56)
Batting: RHB Blair Sweeny 0-0: Ball
1-0: Ball
2-0: Ball
3-0: Base on Balls
Batting: RHB Stephen Blair 0-0: Foul Ball, location: 2F
0-1: Ball
1-1: Foul Ball, location: 2F
1-2: Foul Ball, location: 2F
1-2: Ball
2-2: Foul Ball, location: 2F
2-2: Fly out, F9 (Flyball, 9S)
Batting: LHB Rick Mayfield 0-0: Ball
1-0: Called Strike
1-1: Foul Ball, location: 2F
1-2: Ball
2-2: Ground out 6-3 (Groundball, 6M)
Top of the 4th over - 0 run(s), 0 hit(s), 0 error(s), 1 left on base; Tortolita 3 - Vermont 0
BOTTOM OF THE 4TH
Vermont Lake Monsters batting - Pitching for Tortolita Drummers : RHP Anastasio Enríquez
Batting: RHB Rodrigo Velasco 0-0: Foul Ball, location: 2F
0-1: Ball
1-1: Ball
2-1: Ground out 5-3 (Groundball, 5)
Batting: RHB Xing-li Wang 0-0: Ball
1-0: Foul Ball, location: 2F
1-1: Foul Ball, location: 2F
1-2: SINGLE (Groundball, 6D)
Batting: RHB Showander Descarte 0-0: Ball
1-0: Fly out, F8 (Line Drive, 8LM)
Batting: RHB Ray John 0-0: Ball
Pickoff Throw to First - Error! E1
Xing-li Wang to second
1-0: Called Strike
1-1: Ball
2-1: Called Strike
2-2: Ball
3-2: Strikes out looking
Bottom of the 4th over - 0 run(s), 1 hit(s), 1 error(s), 1 left on base; Tortolita 3 - Vermont 0
TOP OF THE 5TH
Tortolita Drummers batting - Pitching for Vermont Lake Monsters : LHP Jim Unknown
Batting: RHB Eddie O'Bryan 0-0: Called Strike
0-1: Ball
1-1: Foul Ball, location: 2F
1-2: Ground out 3-1 (Groundball, 34)
Batting: RHB Jesús Martínez 0-0: Called Strike
0-1: Called Strike
0-2: Foul Ball, location: 2F
0-2: Ball
1-2: Strikes out swinging
Batting: RHB Ricardo Pacheco 0-0: Ball
1-0: Foul Ball, location: 2F
1-1: Ball
2-1: SINGLE (Line Drive, 89S)
Batting: LHB Jesús Morales 0-0: Ball
Ricardo Pacheco is caught stealing 2nd base
Top of the 5th over - 0 run(s), 1 hit(s), 0 error(s), 0 left on base; Tortolita 3 - Vermont 0
BOTTOM OF THE 5TH
Vermont Lake Monsters batting - Pitching for Tortolita Drummers : RHP Anastasio Enríquez
Batting: LHB Ramón Gómez 0-0: Called Strike
0-1: Fly out, F9 (Line Drive, 9)
Batting: LHB Brad Tillman 0-0: SINGLE (Line Drive, 8LS)
Batting: LHB Arturo Gonzáles 0-0: Called Strike
0-1: SINGLE (Line Drive, 56D)
Brad Tillman to second
Batting: RHB Zelmar Barajas 0-0: Called Strike
0-1: Grounds into double play, 4-6-3 (Groundball, 4M)
Bottom of the 5th over - 0 run(s), 2 hit(s), 0 error(s), 1 left on base; Tortolita 3 - Vermont 0
TOP OF THE 6TH
Tortolita Drummers batting - Pitching for Vermont Lake Monsters : LHP Jim Unknown
Batting: LHB Jesús Morales 0-0: Called Strike
0-1: Ball
1-1: Foul Ball, location: 2F
1-2: Ball
2-2: Foul Ball, location: 2F
2-2: Ball
3-2: Foul Ball, location: 2F
3-2: Strikes out looking
Batting: SHB Will Brock 0-0: Called Strike
0-1: Called Strike
0-2: Ball
1-2: Foul Ball, location: 2F
1-2: Foul Ball, location: 2F
1-2: Ground out 6-3 (Groundball, 6)
Batting: RHB John Moore 0-0: Ball
1-0: Ball
2-0: Called Strike
2-1: Swinging Strike
2-2: Strikes out swinging
Top of the 6th over - 0 run(s), 0 hit(s), 0 error(s), 0 left on base; Tortolita 3 - Vermont 0
BOTTOM OF THE 6TH
Vermont Lake Monsters batting - Pitching for Tortolita Drummers : RHP Anastasio Enríquez
Batting: LHB Manny Valentín 0-0: Called Strike
0-1: Foul Ball, location: 2F
0-2: Strikes out looking
Batting: RHB Rodrigo Velasco 0-0: Ball
1-0: Ball
2-0: Ball
3-0: Base on Balls
Batting: RHB Xing-li Wang 0-0: Fly out, F8 (Flyball, 8RD)
Batting: RHB Showander Descarte 0-0: Fielders Choice at 2nd, 6-4 (Groundball, 6)
Bottom of the 6th over - 0 run(s), 0 hit(s), 0 error(s), 0 left on base; Tortolita 3 - Vermont 0
TOP OF THE 7TH
Tortolita Drummers batting - Pitching for Vermont Lake Monsters : LHP Jim Unknown
Batting: RHB Blair Sweeny 0-0: Foul Ball, location: 2F
0-1: Foul Ball, location: 2F
0-2: Foul Ball, location: 2F
0-2: Ground out 5-3 (Groundball, 5)
Batting: RHB Stephen Blair 0-0: Called Strike
0-1: Foul Ball, location: 2F
0-2: Foul Ball, location: 2F
0-2: Ball
1-2: Ball
2-2: Fly out, F7 (Flyball, 78M)
Batting: LHB Rick Mayfield 0-0: Called Strike
0-1: Foul Ball, location: 2F
0-2: Ball
1-2: Fly out, F7 (Line Drive, 7)
Top of the 7th over - 0 run(s), 0 hit(s), 0 error(s), 0 left on base; Tortolita 3 - Vermont 0
BOTTOM OF THE 7TH
Vermont Lake Monsters batting - Pitching for Tortolita Drummers : RHP Anastasio Enríquez
Batting: RHB Ray John 0-0: Foul Ball, location: 2F
0-1: Foul Ball, location: 2F
0-2: Ball
1-2: SINGLE (Groundball, 6MD)
Batting: LHB Ramón Gómez 0-0: Ball
1-0: Called Strike
1-1: Ground out 4-3 (Groundball, 4D)
Ray John to second
Batting: LHB Brad Tillman 0-0: Ball
1-0: Fly out, F8 (Flyball, 8LM)
Batting: LHB Arturo Gonzáles 0-0: Ball
1-0: Ball
2-0: Foul Ball, location: 2F
2-1: Ball
3-1: Base on Balls
Batting: RHB Zelmar Barajas 0-0: Called Strike
0-1: Called Strike
0-2: Foul Ball, location: 2F
0-2: Foul Ball, location: 2F
0-2: Ball
1-2: Ball
2-2: Fly out, F7 (Line Drive, 7LM)
Bottom of the 7th over - 0 run(s), 1 hit(s), 0 error(s), 2 left on base; Tortolita 3 - Vermont 0
TOP OF THE 8TH
Tortolita Drummers batting - Pitching for Vermont Lake Monsters : LHP Jim Unknown
Pitching: RHP Jim Unknown
Batting: RHB Eddie O'Bryan 0-0: Fly out, F9 (Line Drive, 89S)
Batting: RHB Jesús Martínez 0-0: Ball
1-0: Ball
2-0: Called Strike
2-1: SINGLE (Line Drive, 8RS)
Batting: RHB Ricardo Pacheco 0-0: Called Strike
0-1: Ball
1-1: Foul Ball, location: 2F
1-2: Fly out, F9 (Flyball, 89S)
Batting: LHB Jesús Morales 0-0: Called Strike
0-1: Ball
1-1: Fielders Choice at 2nd, 4-6 (Groundball, 34D)
Top of the 8th over - 0 run(s), 1 hit(s), 0 error(s), 0 left on base; Tortolita 3 - Vermont 0
BOTTOM OF THE 8TH
Vermont Lake Monsters batting - Pitching for Tortolita Drummers : RHP Anastasio Enríquez
Batting: LHB Manny Valentín 0-0: Called Strike
0-1: Ball
1-1: Ball
2-1: Foul Ball, location: 2F
2-2: DOUBLE (Flyball, 78D)
Batting: RHB Rodrigo Velasco 0-0: Fly out, F8 (Flyball, 8RS)
Batting: RHB Xing-li Wang 0-0: Fly out, F9 (Flyball, 9LMF)
Batting: RHB Showander Descarte 0-0: Ball
1-0: Ball
2-0: Called Strike
2-1: Swinging Strike
2-2: Fly out, F7 (Flyball, 7)
Bottom of the 8th over - 0 run(s), 1 hit(s), 0 error(s), 1 left on base; Tortolita 3 - Vermont 0
TOP OF THE 9TH
Tortolita Drummers batting - Pitching for Vermont Lake Monsters : RHP Jim Unknown
Pitching: RHP Jim Unknown
Batting: SHB Will Brock 0-0: Ball
1-0: Swinging Strike
1-1: Foul Ball, location: 2F
1-2: Ball
2-2: Foul Ball, location: 2F
2-2: Foul Ball, location: 2F
2-2: Foul Ball, location: 2F
2-2: Reached on error, E4 (Groundball, 4)
Batting: RHB John Moore 0-0: Called Strike
0-1: Foul Ball, location: 2F
0-2: Ground out 6-3 (Groundball, 6)
Batting: RHB Blair Sweeny 0-0: Ball
1-0: Ground out 6-3 (Groundball, 6)
Batting: RHB Stephen Blair 0-0: Ball
1-0: Ball
2-0: Ball
3-0: Base on Balls
Batting: LHB Rick Mayfield 0-0: Foul Ball, location: 2F
0-1: Called Strike
0-2: Ball
1-2: Strikes out swinging
Top of the 9th over - 0 run(s), 0 hit(s), 1 error(s), 2 left on base; Tortolita 3 - Vermont 0
BOTTOM OF THE 9TH
Vermont Lake Monsters batting - Pitching for Tortolita Drummers : RHP Anastasio Enríquez
Pitching: LHP Ron Anderson
Batting: RHB Ray John 0-0: Called Strike
0-1: Fly out, F6 (Line Drive, 6M)
Batting: LHB Ramón Gómez 0-0: Ball
1-0: SINGLE (Groundball, P) (infield hit)
Batting: LHB Brad Tillman 0-0: Called Strike
0-1: Ball
1-1: Ball
2-1: SINGLE (Groundball, 3D)
Ramón Gómez to second
Runner from 2nd tries for 3rd, SAFE, no throw
Pinch Hitting: RHB Adrian Smith 0-0: Ball
1-0: Swinging Strike
1-1: Swinging Strike
1-2: Foul Ball, location: 2F
1-2: Ball
2-2: Ball
3-2: Base on Balls
Brad Tillman to second
Pinch Hitting: RHB António Mendoza 0-0: Swinging Strike
0-1: Called Strike
0-2: Ball
1-2: Strikes out swinging
Pinch Hitting: RHB Bronson Nicholls 0-0: Ball
1-0: Ball
2-0: Ball
3-0: Base on Balls
Ramón Gómez scores
Brad Tillman to third
Adrian Smith to second
Batting: RHB Rodrigo Velasco 0-0: Called Strike
0-1: Ball
1-1: SINGLE (Groundball, 34D)
Brad Tillman scores
Adrian Smith to third
Bronson Nicholls to second
Runner from 3rd tries for Home, SAFE, no throw
Pitching: RHP Jason Hubbell
Pinch Hitting: RHB Rafael Pueblo 0-0: SINGLE (Groundball, 15S) (infield hit)
Bronson Nicholls to third
Rodrigo Velasco to second
Batting: RHB Showander Descarte 0-0: Fly out, F8 (Line Drive, 8LM)
Bottom of the 9th over - 3 run(s), 4 hit(s), 0 error(s), 3 left on base; Tortolita 3 - Vermont 3
TOP OF THE 10TH
Tortolita Drummers batting - Pitching for Vermont Lake Monsters : RHP Jim Unknown
Now at 1B: Adrian Smith
Now at 3B: Jim Unknown
Now in LF: António Mendoza
Now in CF: Rafael Pueblo
Batting: RHB Eddie O'Bryan 0-0: Ball
1-0: Called Strike
1-1: Ball
2-1: Foul Ball, location: 2F
2-2: Ball
3-2: Base on Balls
Batting: RHB Jesús Martínez 0-0: Sac Bunt - play at second, runner OUT! 5-6
Batting: RHB Ricardo Pacheco 0-0: Called Strike
Jesús Martínez steals 2nd base
0-1: Ground out 4-3 (Groundball, 4)
Jesús Martínez to third
Batting: LHB Jesús Morales 0-0: Swinging Strike
0-1: SINGLE (Flyball, 78S)
Jesús Martínez scores
Batting: SHB Will Brock 0-0: Called Strike
Jesús Morales is caught stealing 2nd base
Top of the 10th over - 1 run(s), 1 hit(s), 0 error(s), 0 left on base; Tortolita 4 - Vermont 3
BOTTOM OF THE 10TH
Vermont Lake Monsters batting - Pitching for Tortolita Drummers : RHP Jason Hubbell
Pitching: LHP Motoyuki Nakamura
Now at C: Vincent Klein
Now in LF: Francisco Torres
Batting: RHB Ray John 0-0: Fly out, F9 (Flyball, 9S)
Pinch Hitting: RHB Domenic Gallard 0-0: Ball
1-0: Swinging Strike
1-1: Ball
2-1: Foul Ball, location: 2F
2-2: Foul Ball, location: 2F
2-2: Strikes out looking
Batting: LHB Brad Tillman 0-0: Called Strike
0-1: Ball
1-1: Swinging Strike
1-2: Strikes out swinging
Bottom of the 10th over - 0 run(s), 0 hit(s), 0 error(s), 0 left on base; Tortolita 4 - Vermont 3
Monday, March 20th, 2017 - OOTP Baseball 17.12 Build 75